 Dungeon Crawl Stone Soup version 0.20.2-3-g29329e0561 (webtiles) character file.

145 Alfie the Shooter (level 5, 0/45 HPs)
             Began as a Minotaur Hunter on May 20, 2020.
             Slain by an orc priest (4 damage)
             ... on level 3 of the Dungeon.
             The game lasted 00:07:26 (1308 turns).

Alfie the Shooter (Minotaur Hunter)                 Turns: 1308, Time: 00:07:26

Health: 0/45       AC:  6    Str: 18    XL:     5   Next: 6%
Magic:  4/4        EV: 12    Int:  8    God:
Gold:   112        SH:  0    Dex: 10    Spells: 4/4 levels left

rFire    . . .     SeeInvis .   b - +0 short sword
rCold    . . .     Gourm    .   (no shield)
rNeg     . . .     Faith    .   c - +0 leather armour
rPois    .         Spirit   .   (helmet restricted)
rElec    .         Reflect  .   (no cloak)
rCorr    .         Harm     .   k - +2 pair of gloves
MR       .....                  (no boots)
Stlth    +.........             (no amulet)
Regen    0.2/turn               (no ring)
MPRegen  0.1/turn               (no ring)

@: no status effects
A: retaliatory headbutt, horns 2
a: no special abilities


You were on level 3 of the Dungeon.
You were not hungry.

You visited 1 branch of the dungeon, and saw 3 of its levels.

You collected 112 gold pieces.

Inventory:

Hand Weapons
 a - a +1 shortbow
 b - a +0 short sword (weapon)
Armour
 c - a +0 leather armour (worn)
 k - a +2 pair of gloves (worn)
Wands
 n - a wand of confusion (28/48)
Scrolls
 e - 3 scrolls of remove curse
 g - 2 scrolls of teleportation
 h - 2 scrolls of identify
 o - a scroll of magic mapping
Potions
 i - a potion of resistance
 j - a potion of flight
 l - a potion of mutation {unknown}
 m - a potion of curing {unknown}
 p - a potion of brilliance
Comestibles
 f - 3 bread rations
 q - a meat ration


   Skills:
 + Level 3.3 Fighting
 + Level 0.4 Short Blades
 + Level 6.2 Bows
 + Level 1.3 Armour
 + Level 2.4 Dodging
 + Level 1.2 Stealth


You had 4 spell levels left.
You didn't know any spells.

Dungeon Overview and Level Annotations

Branches:
Dungeon (3/15)

Altars:
Okawaru

Annotations:
D:3 Alfie's ghost, amateur MiHu; Grinder


Innate Abilities, Weirdness & Mutations

You reflexively headbutt those who attack you in melee.
You have a pair of horns on your head.


Message History

Aim: an orc, wearing a leather armour (severely wounded)
Okay, then.
Firing (i - inventory): No suitable missiles.
Press: ? - help, Shift-Dir - straight line, f/p - orc
Aim: an orc, wearing a leather armour (severely wounded)
Okay, then.
Wield which item (- for none, * to show all)? (? for menu, Esc to quit)
b - a +0 short sword (weapon)
You hit the orc.
The orc is almost dead.
The orc barely misses you.
You hit the orc.
You kill the orc!
You completely miss the rat. You headbutt the rat.
You kill the rat!
The orc priest miscasts a cantrip.
You hit the orc priest.
The orc priest is moderately wounded.
The orc priest hits you.
You die...

#####..# #..ยงยง# *,,,,*
....).########..###***,,,,*
##.#............# *,**,,,,*
#.##########...# *,**,,,,** ##.#
#<........##*,**,,,,,****** ...#
#.#####....#*,*,,,,,,,,,,,,
#######.## #..#.#*,*,,,,,,,,,,,*
....##...# #..#.#*,*,,,,,,,,**,*
.....#.#.# #).#@#*,**,,,*****,,*
.........# #..#o#*,**,,,,,,,*,,*
....###.### #..#(##,,,,*****,*,,*
#..##.....# #...[(#***,*****,*,,*
##.##.....###.##.(###*,*,,,,,*,,*
............<.....(..*,*,*****,,*
.####...#)######.....)(*,*,,,,,,,
## #...#.# ##.##...#,*,,****,
###.#.# *.#*.((#,*,,* **,


You could see an orc priest.

Vanquished Creatures
  An orc priest (D:3)
  5 adders
  A shadow imp (D:3)
  An ooze (D:2)
  2 leopard geckos (D:3)
  3 orcs (D:3)
  3 giant cockroaches
  10 hobgoblins
  2 jackals (D:2)
  2 ball pythons
  5 bats
  6 frilled lizards
  4 goblins
  6 kobolds
  5 rats
56 creatures vanquished.

Notes
Turn   | Place    | Note
-------+----------+-------------------------------------------
     0 | D:1      | Alfie the Minotaur Hunter began the quest for the Orb.
     0 | D:1      | Reached XP level 1. HP: 18/18 MP: 0/0
   140 | D:1      | Reached XP level 2. HP: 25/25 MP: 1/1
   273 | D:1      | Found an iron altar of Okawaru.
   315 | D:1      | Reached skill level 5 in Bows
   517 | D:2      | Reached XP level 3. HP: 28/30 MP: 2/2
   551 | D:2      | Reached skill level 1 in Stealth
   867 | D:2      | Reached XP level 4. HP: 37/37 MP: 3/3
  1037 | D:3      | Reached skill level 1 in Armour
  1071 | D:3      | Found a transporter.
  1071 | D:3      | Found a transporter.
  1185 | D:3      | Noticed Alfie's ghost (amateur MiHu)
  1291 | D:3      | Noticed Grinder
  1295 | D:3      | Reached skill level 6 in Bows
  1295 | D:3      | Reached XP level 5. HP: 24/45 MP: 4/4
  1308 | D:3      | Slain by an orc priest

Skill      XL: |  1  2  3  4 |
---------------+-------------+-----
Bows           | 5 6 |  6.2
Stealth        | 1 |  1.2
Armour         | 1 |  1.3
Fighting       | 3 |  3.3
Short Blades   | |  0.4
Dodging        | |  2.4

Action                   |  1- 3 |  4- 6 || total
-------------------------+-------+-------++-------
Melee: Short sword       |    14 |    15 ||    29
       Headbutt          |     4 |     3 ||     7
 Fire: Shortbow          |    73 |    47 ||   120
  Use: Potion            |     7 |       ||     7
       Scroll            |     3 |     2 ||     5
 Stab: Sleeping          |     1 |       ||     1
  Eat: Bread ration      |       |     1 ||     1
Armor: Leather armour    |    10 |     4 ||    14
Dodge: Dodged            |    34 |    14 ||    48
